 Dungeon Crawl Stone Soup version 0.29.1-12-g30fa7ad0bf (webtiles) character file.

Game seed: 8792880926586230117

6 hawla the Chiller (level 1, -6/13 HPs)
             Began as a Hill Orc Ice Elementalist on Dec 12, 2022.
             Mangled by Sigmund
             ... wielding a +2 scythe of flaming
              (11 damage)
             ... on level 3 of the Dungeon.
             The game lasted 00:02:32 (533 turns).

hawla the Chiller (Hill Orc Ice Elementalist)        Turns: 533, Time: 00:02:32

Health: -6/13      AC:  2    Str: 10    XL:     1   Next: 90%
Magic:  2/3        EV: 12    Int: 15    God:
Gold:   0          SH:  0    Dex: 11    Spells: 2/3 levels left

rFire   . . .      SeeInvis .   (no weapon)
rCold   + . .      Faith    .   (no shield)
rNeg    . . .      Spirit   .   a - +0 robe
rPois   .          Reflect  .   (no helmet)
rElec   .          Harm     .   (no cloak)
rCorr   .          Rampage  .   (no gloves)
Will    .....                   (no boots)
Stlth   ++........              (no amulet)
HPRegen 0.84/turn               (no ring)
MPRegen 0.08/turn               (no ring)

@: flying
A: cold resistance 1, frail 1, regeneration 1
a: no special abilities


You were on level 3 of the Dungeon.
You visited 1 branch of the dungeon, and saw 3 of its levels.

Inventory:

Armour
 a - a +0 robe (worn)
Potions
 b - a potion of magic


   Skills:
 * Level 0.5 Fighting
 + Level 1.5 Dodging
 - Level 1.5 Stealth
 + Level 1.6 Spellcasting
 + Level 3.8 Ice Magic


You had 2 spell levels left.
You knew the following spells:

 Your Spells              Type           Power      Damage    Failure   Level
a - Freeze                Ice            48%        1d7       4%          1

Your spell library contained the following spells:

 Spells                   Type           Power      Damage    Failure   Level
 Sandblast                Erth           2%         2d4       24%         1
 Passwall                 Tmut/Erth      0%         N/A       34%         2
 Frozen Ramparts          Ice            24%        1d4       14%         3
 Ozocubu's Armour         Ice            12%        N/A       14%         3
 Stone Arrow              Conj/Erth      2%         3d7       56%         3
 Hailstorm                Conj/Ice       6%         3d4       71%         4


Dungeon Overview and Level Annotations

Branches:
Dungeon (3/15)

Altars:
The Shining One

Annotations:
D:3 Sigmund


Innate Abilities, Weirdness & Mutations

Your flesh is cold resistant. (rC+)
You are frail. (-10% HP)
Your natural rate of healing is unusually fast.


Message History

Found a glowing golden altar of the Shining One.
Sigmund zaps a wand.
You resist with significant effort.
You aren't carrying any items that you can evoke.
Okay, then.
You aren't carrying any scrolls.
It was a potion of flight.
You feel very buoyant.
You fly up into the air.
Sigmund gestures at you while chanting.
You are confused.
You are too confused!
You are too confused!
It was a potion of mutation.
You feel extremely strange.
You feel frail.
You begin to heal more quickly.
You feel resistant to cold. Sigmund closely misses you.
Sigmund gestures at you while chanting. You resist with significant effort.
You're too confused to cast spells.
Sorry, you're not good enough to have a special ability.
Sigmund hits you with a +2 scythe of flaming.
Sigmund burns you.
You feel less confused.
Sigmund hits you with a +2 scythe of flaming.
Sigmund burns you.
* * * LOW HITPOINT WARNING * * *
You barely miss Sigmund. You hit Sigmund.
Sigmund is lightly wounded.
Sigmund says, "Your kind have come here before.
I understand now why.
You desire death..."
Sigmund closely misses you.
Casting: Freeze (safe; 4% risk of failure)
Confirm with . or Enter, or press ? or * to list all spells.
Aiming: Freeze (safe; 4% risk of failure)
Press: ? - help, Shift-Dir - straight line, f - Sigmund
Aim: Sigmund, wielding a +2 scythe of flaming, wearing a +0 robe and carrying a wand of polymorph (3) (lightly wounded)
You freeze Sigmund.
Sigmund is moderately wounded.
Sigmund hits you with a +2 scythe of flaming!
Ouch! That really hurt!
You die...

### #.## #..##
#...##
###....######
##.#..#......###
#._..#######.@.#
##.#..#......#.#
###.@@.######.#
#...## ####.#
#..#####....#
#.## #...####
### ##.###
###@.# #...##
#.### #.#


You could see Sigmund.

Vanquished Creatures
  2 bats (D:2)
  2 goblins (D:1)
  A rat (D:2)
5 creatures vanquished.

Notes
Turn   | Place    | Note
-------+----------+-------------------------------------------
     0 | D:1      | hawla the Hill Orc Ice Elementalist began the quest for the
                  | Orb.
     0 | D:1      | Reached XP level 1. HP: 14/14 MP: 3/3
    75 | D:1      | You fall into a shaft and drop 1 floor!
   497 | D:3      | Noticed Sigmund
   517 | D:3      | Found a glowing golden altar of the Shining One.
   525 | D:3      | Gained mutation: You are frail. (-10% HP) [potion of
                  | mutation]
   525 | D:3      | Gained mutation: Your natural rate of healing is unusually
                  | fast. [potion of mutation]
   525 | D:3      | Gained mutation: Your flesh is cold resistant. (rC+)
                  | [potion of mutation]
   533 | D:3      | Mangled by Sigmund

Illustrated notes

Levels and vault maps discovered:
D:1:      dpeg_arrival_rhombi, layout_basic, ebering_ecumenical_altar_box,
          minmay_misc_feat_columns, nicolae_wormholes
D:2:      layout_basic
D:3:      layout_loops_ring, nicolae_tso_swordbearing_angel,
          mainiacjoe_overflow_24_doors, gammafunk_temple_overflow_claw,
          uniq_terence, uniq_sigmund, uniq_crazy_yiuf_cottage

Action                   || total
-------------------------++-------
Melee: Unarmed           ||     6
 Cast: Freeze            ||    10
  Use: Scroll            ||     2
       Potion            ||     2
Armor: Robe              ||     5
Dodge: Dodged            ||    12
